 Dungeon Crawl Stone Soup version 0.20-a0-689-g860b9ab (webtiles) character file.

193 Laan the Skirmisher (level 5, -3/34 HPs)
             Began as a Gargoyle Fighter on Feb 19, 2017.
             Slain by Grinder (5 damage)
             ... while paralysed by Grinder
             ... on level 4 of the Dungeon.
             The game lasted 00:04:13 (2064 turns).

Laan the Skirmisher (Gargoyle Fighter)              Turns: 2064, Time: 00:04:13

Health: -3/34      AC: 11    Str: 21    XL:     5   Next: 72%
Magic:  5/5        EV:  2    Int:  8    God:
Gold:   96         SH:  0    Dex:  9    Spells: 4/4 levels left

rFire    . . .     SeeInvis .   a - +0 war axe
rCold    . . .     Gourm    .   b - +0 scale mail
rNeg     + . .     Faith    .   c - +0 shield
rPois    ∞         Spirit   .   (no helmet)
rElec    +         Reflect  .   (no cloak)
rCorr    .         Harm     .   (no gloves)
MR       .....                  (no boots)
Stlth    ..........             (no amulet)
Regen    0.2/turn               (no ring)
MPRegen  0.1/turn               (no ring)

@: paralysed, exhausted, slowed
A: negative energy resistance 1, electricity resistance, unbreathing,
petrification resistance, rot immunity, AC +4
a: no special abilities


You were on level 4 of the Dungeon.
You were hungry.

You visited 1 branch of the dungeon, and saw 4 of its levels.

You collected 96 gold pieces.

Inventory:

Hand Weapons
 a - a +0 war axe (weapon)
Missiles
 t - 6 tomahawks (quivered)
Armour
 b - a +0 scale mail (worn)
 c - a +0 shield (worn)
Scrolls
 e - 8 scrolls of identify
 h - 3 scrolls of remove curse
 j - 4 scrolls of recharging
Potions
 d - 2 potions of might
Comestibles
 f - 2 bread rations
 g - 2 chunks of flesh
 l - 3 fruits
 n - 2 royal jellies
 p - 2 meat rations


   Skills:
 + Level 4.4 Fighting
 * Level 3.5 Axes
 + Level 4.1 Armour
 + Level 4.0 Shields


You had 4 spell levels left.
You didn't know any spells.

Dungeon Overview and Level Annotations

Branches:
Dungeon (4/15)
 Temple: D:4-7

Altars:
Hepliaklqana
Nemelex Xobeh
Sif Muna
Uskayaw
Xom
Zin

Annotations:
D:4 Grinder


Innate Abilities, Weirdness & Mutations

You are resistant to torment.
Your stone body is resilient. (AC +4)
You are immune to poison.
You resist negative energy. (rN+)
You are resistant to electric shocks. (rElec)
You can survive without breathing.
You are immune to petrification.
You are immune to rotting.


Message History

Grinder is severely wounded.
Grinder hits you but does no damage.
You slash Grinder!
Grinder is almost dead.
Grinder barely misses you.
You closely miss Grinder.
Grinder is almost dead.
You closely miss Grinder.
Grinder is almost dead.
Grinder gestures at you.
You suddenly lose the ability to move!
Grinder hits you.
* * * LOW HITPOINT WARNING * * *
You writhe in agony.
* * * LOW HITPOINT WARNING * * *
You are no longer berserk.
You feel yourself slow down.
You are feeling hungry.
Grinder hits you.
You die...

#. #.##.#.#.#.###))
#.##.##.##.###.....
#.......###.#.#####
###...### #..## #
#....# #.## #
#....# ###.### #
#.#### #.(...# #
#5# #.....# . ##@#
#.....# #..#
#.....# #.##
#.....# #. #######
#. #. .. #. #.


You could see Grinder.

Vanquished Creatures
  An orc priest (D:4)
  8 adders
  An ooze (D:1)
  2 worms
  2 dart slugs
  2 leopard geckos
  2 orcs
  7 bats
  7 giant cockroaches
  5 hobgoblins (D:1)
  13 jackals
  2 frilled lizards
  9 goblins
  5 kobolds
  8 rats
74 creatures vanquished.

Notes
Turn   | Place    | Note
-------+----------+-------------------------------------------
     0 | D:1      | Laan the Gargoyle Fighter began the quest for the Orb.
     0 | D:1      | Reached XP level 1. HP: 14/14 MP: 1/1
    31 | D:1      | Reached XP level 2. HP: 18/19 MP: 2/2
   288 | D:1      | Reached XP level 3. HP: 23/23 MP: 3/3
   497 | D:2      | Found a sparkling altar of Nemelex Xobeh.
   522 | D:2      | Found a hazy altar of Hepliaklqana.
   523 | D:2      | Found a shimmering altar of Xom.
   523 | D:2      | Noticed an earth elemental
   524 | D:2      | Noticed a spectral ugly thing
   524 | D:2      | Noticed an earth elemental
   581 | D:2      | Reached XP level 4. HP: 27/29 MP: 4/4
   967 | D:2      | Found a hide-covered altar of Uskayaw.
  1133 | D:3      | Reached XP level 5. HP: 32/33 MP: 5/5
  1300 | D:3      | Found a deep blue altar of Sif Muna.
  1688 | D:4      | Found a glowing silver altar of Zin.
  2033 | D:4      | Noticed Grinder
  2036 | D:4      | Paralysed by Grinder for 7 turns
  2062 | D:4      | Paralysed by Grinder for 3 turns
  2063 | D:4      | HP: 2/51 [Grinder (3)]
  2064 | D:4      | Slain by Grinder

Vault maps used:
D:1:      lemuel_arrival_lava_pool
D:2:      regret_index_temple_of_mockery, lemuel_round_altar,
          nemelex_altar_shiori
D:3:      led_sif_pool
D:4:      zin_scriptorium, first_bread, serial_shops, nicolae_shop_trees,
          uniq_sigmund, uniq_pikel, uniq_edmund, uniq_grinder,
          uniq_crazy_yiuf_cottage

Skill      XL: |  1  2  3  4  5 |
---------------+----------------+-----
Axes           | 2 3 |  3.5
Fighting       | 4 |  4.4
Armour         | 4 |  4.1
Shields        | 4 |  4.0

Action                   |  1- 3 |  4- 6 || total
-------------------------+-------+-------++-------
Melee: War axe           |   116 |   164 ||   280
  Use: Scroll            |     3 |     4 ||     7
       Potion            |     2 |     3 ||     5
  Eat: Chunk             |       |     4 ||     4
Armor: Scale mail        |    86 |   110 ||   196
Dodge: Dodged            |    41 |    64 ||   105
Block: Shield            |    66 |   100 ||   166
